 Dungeon Crawl Stone Soup version 0.22.0-49-gab54619 (webtiles) character file.

3789 Folque the Magician (level 10, -1/63 HPs)
             Began as an Octopode Wizard on Sept 7, 2018.
             Was a Believer of Sif Muna.
             Hit by a javelin of returning thrown by a centaur (6 damage)
             ... in a bailey.
             The game lasted 00:51:44 (6761 turns).

Folque the Magician (Octopode Wizard)               Turns: 6761, Time: 00:51:46

Health: -1/63      AC:  5    Str:  7    XL:     10   Next: 16%
Magic:  3/20       EV: 14    Int: 23    God:    Sif Muna [**....]
Gold:   329        SH:  0    Dex: 11    Spells: 6/23 levels left

rFire    . . .     SeeInvis .   w - +2 rapier (speed)
rCold    . . .     Gourm    .   (no shield)
rNeg     . . .     Faith    .   a - +0 hat
rPois    .         Spirit   .   (no amulet)
rElec    .         Reflect  .   k - +4 ring of protection
rCorr    .         Harm     .   (no ring)
MR       .....                  (no ring)
Stlth    ++++......             (no ring)
HPRegen  0.20/turn              (no ring)
MPRegen  0.17/turn              (no ring)
                                (no ring)
                                (no ring)

@: no status effects
A: almost no armour, stealthy swim, amphibious, 8 rings, constrict 8, camouflage
1, gelatinous body 1
a: Divine Energy, Renounce Religion


You were in a bailey.
You worshipped Sif Muna.
Sif Muna was pleased with you.
You were very hungry.

You visited 2 branches of the dungeon, and saw 8 of its levels.
You also visited: Bailey.

You collected 329 gold pieces.

Inventory:

Hand Weapons
 e - a +0 halberd
 j - a +0 dagger
 s - a +0 hunting sling
 w - a +2 rapier of speed (weapon)
 D - a cursed +0 hunting sling
 F - a cursed -3 spear
Missiles
 b - 66 sling bullets
 i - 4 needles of sleeping
 E - 5 javelins of returning (quivered)
Armour
 a - a +0 hat (worn)
Jewellery
 k - a +4 ring of protection (left tentacle)
 n - an uncursed ring of protection from cold {unknown}
 o - an uncursed ring of wizardry {unknown}
 y - an uncursed ring of protection from cold {unknown}
Wands
 A - a wand of flame (57)
Scrolls
 d - a scroll of random uselessness
 r - a scroll of magic mapping {unknown}
 u - a scroll of fog {unknown}
 x - a scroll of enchant weapon {unknown}
 C - a scroll of teleportation
Potions
 f - a potion of curing {unknown}
 g - 4 potions of lignification
 h - 2 potions of cancellation {unknown}
 l - a potion of ambrosia {unknown}
 p - a potion of flight {unknown}
 q - 3 potions of mutation
 t - a potion of brilliance {unknown}
 v - a potion of agility {unknown}
 z - a potion of heal wounds {unknown}
 B - a potion of haste {unknown}
Comestibles
 c - 5 rations
 m - 2 chunks of flesh


   Skills:
 - Level 3.1 Fighting
 - Level 1.2 Short Blades
 - Level 2.0 Polearms
 * Level 4.4 Dodging
 - Level 6.2 Stealth
 - Level 2.3 Unarmed Combat
 * Level 7.1 Spellcasting
 - Level 6.1 Conjurations
 - Level 5.0 Hexes
 - Level 1.0 Summonings
 - Level 1.0 Translocations
 - Level 1.0 Transmutations
 - Level 1.0 Air Magic
 - Level 3.0 Poison Magic
 + Level 4.6 Invocations


You had 6 spell levels left.
You knew the following spells:

 Your Spells              Type           Power        Failure   Level  Hunger
a - Magic Dart            Conj           ####         1%          1    None
b - Call Imp              Summ           ##......     8%          2    None
c - Blink                 Tloc           N/A          8%          2    None
d - Mephitic Cloud        Conj/Pois/Air  ###.....     5%          3    None
e - Conjure Flame         Conj/Fire      ###.....     6%          3    None
f - Spider Form           Tmut/Pois      ###.......   10%         3    None
g - Shock                 Conj/Air       ###.         1%          1    None
h - Slow                  Hex            ####....     1%          2    None

Your spell library contained the following spells:

 Spells                   Type           Power        Failure   Level  Hunger
 Beastly Appendage        Tmut           ##....       4%          1    None
 Static Discharge         Conj/Air       ###.....     5%          3    None
 Sticks to Snakes         Tmut           ##......     8%          2    None
 Swiftness                Chrm/Air       ##......     10%         2    None
 Lightning Bolt           Conj/Air       ###.......   43%         5    #####..
 Airstrike                Air            ##........   45%         4    ###....
 Ice Form                 Ice/Tmut       ##......     52%         4    ###....
 Blade Hands              Tmut           ##........   80%         5    #####..


Dungeon Overview and Level Annotations

Branches:
Dungeon (7/15)             Temple (1/1) D:5

Altars:
Dithmenos
Elyvilon
Fedhas
Hepliaklqana
Kikubaaqudgha
Makhleb
Okawaru
Qazlal
Ru
Sif Muna
Trog
Uskayaw
Vehumet
Wu Jian
Xom
Yredelemnul
Zin
The Shining One


Innate Abilities, Weirdness & Mutations

You cannot wear most types of armour.
You are very stealthy in the water. (Stealth+)
You are amphibious.
You can wear up to eight rings at the same time.
You can use your tentacles to constrict eight enemies at once.
Your skin changes colour to match your surroundings (Stealth+).
Your rubbery body absorbs attacks. (AC +1, EV +1)


Message History

m - 2 chunks of flesh
Things that are here:
a halberd; a scale mail
Things that are here:
a trident; a chain mail The centaur throws a javelin of returning.
The javelin of returning hits you!
The weapon returns to the centaur!
Casting: Mephitic Cloud (safe; 5% risk of failure)
Confirm with . or Enter, or press ? or * to list all spells.
Aiming: Mephitic Cloud (safe; 5% risk of failure)
Press: ? - help, Shift-Dir - straight line Out of range.
Okay, then.
The centaur throws a javelin of returning.
The javelin of returning hits you!
* * * LOW HITPOINT WARNING * * *
The weapon returns to the centaur!
The centaur throws a javelin of returning.
The javelin of returning hits you.
You die...

#≈≈.≈.....≈≈≈.≈
#≈≈.≈.....≈≈≈}≈≈≈...
#≈≈.).....≈≈≈≈≈≈≈.....
#≈≈.≈)....≈≈o≈≈≈≈....≈
#≈≈≈.≈.....≈≈≈≈≈.....≈
#≈≈≈.≈≈.⌠..)≈≈≈≈..⌠.≈≈
#≈≈≈≈.≈.....)≈≈.....≈.
#≈≈≈≈.≈≈≈.........≈≈≈.
#≈≈≈≈≈..≈≈≈.@...)≈)..≈
#≈≈≈≈)≈≈..≈#..(#≈c.≈
##≈≈≈≈≈≈≈≈.#...# ≈
##≈≈≈≈≈≈≈)#...#
##≈≈≈≈≈≈≈#...#
#########'''#########
##...........).......##
##........)..)..)......##
##.....).⌠#######⌠.......##


You could see a centaur and an orc.

Vanquished Creatures
  Joseph (D:7)
  Eustachio (D:5)
  An ice beast (D:5)
  11 orc warriors
  A sky beast (D:6)
  A phantom (D:6)
  3 ogres
  6 centaurs
  A bullfrog (D:6)
  2 scorpions
  A wight (D:7)
  4 howler monkeys
  A centaur zombie (D:5)
  5 hounds
  A bullfrog skeleton (D:5)
  2 iron imps (D:5)
  2 worker ants
  Natasha (twice) (D:2)
  2 iguanas (D:4)
  6 orc wizards
  A killer bee zombie (D:5)
  A hound zombie (D:5)
  A hound skeleton (D:4)
  A worker ant zombie (D:6)
  6 gnolls
  2 adders
  An ooze (D:1)
  An adder skeleton (D:4)
  3 worms
  A dart slug (D:1)
  2 leopard geckos
  30 orcs
  A ball python (D:4)
  6 giant cockroaches
  6 goblins
  3 hobgoblins (D:1)
  10 jackals
  6 kobolds
  A quokka (D:6)
  A ball python skeleton (D:4)
  5 bats
  6 frilled lizards
  A jackal skeleton (D:4)
  A leopard gecko skeleton (D:4)
  6 rats
157 creatures vanquished.

Vanquished Creatures (collateral kills)
  An orc warrior (Bailey)
  2 ogres (D:5)
  An orc priest (D:3)
  4 orcs
  4 jackals
  A bat (D:2)
13 creatures vanquished.

Grand Total: 170 creatures vanquished

Notes
Turn   | Place    | Note
-------+----------+-------------------------------------------
     0 | D:1      | Folque the Octopode Wizard began the quest for the Orb.
     0 | D:1      | Reached XP level 1. HP: 11/11 MP: 4/4
     2 | D:1      | Noticed an octopode
     2 | D:1      | Noticed a halfling
     4 | D:1      | Noticed a human
     6 | D:1      | Noticed an ogre
     6 | D:1      | Noticed a vampire
     8 | D:1      | Noticed a minotaur
    10 | D:1      | Noticed a gargoyle
    10 | D:1      | Noticed an elf
    12 | D:1      | Noticed a vine stalker
    14 | D:1      | Noticed a naga
    14 | D:1      | Noticed a felid
    17 | D:1      | Noticed a draconian
    17 | D:1      | Noticed a demonspawn
    19 | D:1      | Noticed a merfolk
    19 | D:1      | Noticed a demigod
    21 | D:1      | Noticed a troll
    23 | D:1      | Noticed a dwarf
    23 | D:1      | Noticed a tengu
    25 | D:1      | Noticed a ghoul
    25 | D:1      | Noticed a spriggan
    27 | D:1      | Noticed a formicid
    27 | D:1      | Noticed a centaur
   142 | D:1      | Reached skill level 1 in Fighting
   142 | D:1      | Reached XP level 2. HP: 18/18 MP: 0/6
   164 | D:1      | Learned a level 2 spell: Call Imp
   167 | D:1      | Learned a level 2 spell: Blink
   445 | D:1      | Reached XP level 3. HP: 24/24 MP: 5/7
   462 | D:1      | Learned a level 3 spell: Mephitic Cloud
   905 | D:2      | Noticed Natasha
   920 | D:2      | Killed Natasha
   920 | D:2      | Reached XP level 4. HP: 19/29 MP: 7/9
  1015 | D:2      | Noticed Natasha
  1045 | D:2      | Killed Natasha
  1045 | D:2      | Reached skill level 1 in Poison Magic
  1106 | D:2      | You fall through a shaft!
  1448 | D:3      | Reached skill level 1 in Air Magic
  1448 | D:3      | Reached XP level 5. HP: 20/34 MP: 1/10
  1937 | D:3      | Found a faded altar of an unknown god.
  2087 | D:3      | You fall through a shaft!
  2164 | D:4      | Reached skill level 4 in Spellcasting
  2196 | D:4      | Reached XP level 6. HP: 28/39 MP: 8/12
  2539 | D:4      | Learned a level 3 spell: Conjure Flame
  2543 | D:4      | Learned a level 3 spell: Spider Form
  2868 | D:4      | Reached skill level 1 in Transmutations
  2896 | D:4      | Reached XP level 7. HP: 43/45 MP: 7/14
  3321 | D:4      | Found a radiant altar of Vehumet.
  3423 | D:5      | Entered Level 5 of the Dungeon
  3437 | D:5      | Noticed Eustachio
  3537 | D:5      | Reached skill level 5 in Spellcasting
  3670 | D:5      | Reached skill level 5 in Stealth
  3671 | D:5      | Reached skill level 1 in Polearms
  3706 | D:5      | Killed Eustachio
  3748 | D:5      | Reached XP level 8. HP: 24/51 MP: 6/15
  3990 | D:5      | Found a basalt altar of Yredelemnul.
  4001 | D:5      | Learned a level 1 spell: Shock
  4206 | D:5      | Reached skill level 1 in Short Blades
  4278 | D:5      | Found a staircase to the Ecumenical Temple.
  4287 | Temple   | Entered the Ecumenical Temple
  4338 | Temple   | Became a worshipper of Sif Muna the Loreminder
  4375 | D:5      | Found a burning altar of Makhleb.
  4438 | D:5      | Reached skill level 5 in Conjurations
  4481 | D:5      | Reached skill level 1 in Invocations
  4513 | D:5      | Found a blossoming altar of Fedhas.
  4514 | D:5      | Found an ancient bone altar of Kikubaaqudgha.
  4655 | D:6      | Found a white marble altar of Elyvilon.
  4701 | D:6      | Found a hazy altar of Hepliaklqana.
  4739 | D:6      | Found a sacrificial altar of Ru.
  4754 | D:6      | Learned a level 2 spell: Slow
  4827 | D:6      | Found a shadowy altar of Dithmenos.
  4878 | D:6      | Reached skill level 1 in Hexes
  5251 | D:6      | Reached XP level 9. HP: 33/56 MP: 11/16
  5544 | D:7      | Reached * piety under Sif Muna
  5600 | D:7      | Found a flagged portal.
  5772 | D:7      | Noticed Joseph
  5797 | D:7      | Reached skill level 1 in Unarmed Combat
  5839 | D:7      | Killed Joseph
  5965 | Bailey   | Entered a bailey
  6237 | Bailey   | Reached skill level 6 in Spellcasting
  6342 | Bailey   | Reached ** piety under Sif Muna
  6526 | Bailey   | Reached skill level 5 in Hexes
  6552 | Bailey   | Reached XP level 10. HP: 63/63 MP: 5/20
  6681 | Bailey   | Reached skill level 7 in Spellcasting
  6761 | Bailey   | Hit by a javelin of returning thrown by a centaur

Skill      XL: |  1  2  3  4  5  6  7  8  9 10 |
---------------+-------------------------------+-----
Fighting       | 1 2 3 |  3.1
Stealth        | 3 5 6 |  6.2
Conjurations   | 2 3 4 5 6 |  6.1
Poison Magic   | 2 3 |  3.0
Air Magic      | 1 |  1.0
Spellcasting   | 4 5 6 7 |  7.1
Transmutations | 1 |  1.0
Polearms       | 2 |  2.0
Short Blades   | 1 |  1.2
Invocations    | 3 4 |  4.6
Dodging        | 3 4 |  4.4
Hexes          | 2 5 |  5.0
Unarmed Combat | 2 |  2.3
Summonings     | |  1.0
Translocations | |  1.0

Action                   |  1- 3 |  4- 6 |  7- 9 | 10-12 || total
-------------------------+-------+-------+-------+-------++-------
Melee: Unarmed           |    19 |       |       |       ||    19
       Constrict         |    15 |    24 |    42 |       ||    81
       Tentacles         |     8 |    11 |    34 |       ||    53
       Dagger            |    39 |    34 |       |       ||    73
       Club              |     1 |       |       |       ||     1
       Halberd           |       |   110 |   184 |       ||   294
       Rapier            |       |       |   155 |       ||   155
 Cast: Magic Dart        |    29 |    13 |    43 |       ||    85
       Call Imp          |     1 |    10 |    19 |       ||    30
       Mephitic Cloud    |       |    15 |    28 |    12 ||    55
       Blink             |       |       |     9 |       ||     9
       Conjure Flame     |       |       |    21 |       ||    21
       Shock             |       |       |     3 |       ||     3
       Slow              |       |       |     2 |       ||     2
  Use: Scroll            |       |     4 |     3 |       ||     7
 Stab: Sleeping          |     4 |     4 |    12 |       ||    20
       Confused          |       |     3 |    13 |       ||    16
       Distracted        |       |     1 |     2 |       ||     3
  Eat: Chunk             |       |     8 |    13 |       ||    21
Armor: Skin              |     3 |    28 |    29 |     3 ||    63
Dodge: Dodged            |    37 |    98 |    91 |    11 ||   237
